[ AOE2 MATCH · #514044614 ]
UnrankedFranks vs Turks
Player's team · WIN
Rival team · LOSS
[ REPLAY ANALYSIS · EXTRACTED FROM THE RECORDED GAME ]
Feudal
12:12
Castle
22:08
Imperial
—
| APM avg | 77.6 |
| APM peak | 119 |
| eAPM avg | 31.1 |
| Villagers / military | 72 / 40 |
Focus
⚔️ 50.9% · 🌾 49.1%
Archer ×35 · Militia ×5
Feudal
9:41
Castle
19:59
Imperial
—
| APM avg | 43.4 |
| APM peak | 90 |
| eAPM avg | 17.3 |
| Villagers / military | 47 / 22 |
Focus
⚔️ 29.1% · 🌾 70.9%
Cavalry Archer ×9 · Archer ×8 · Militia ×5
Match map
Initial resources + every placement click. Lines = walls · curves = elevation contours. ◆ gold · ⬟ stone · ● berries · ✦ relic · ◌ wall gap
Your base· ✓ Closed at 22:08 · 56t walls · 1 gate(s)
[KD] Fabuled's base· Open — unwalled flank
Smoothed initial terrain · ◌ = detected wall gap · hover for details
Inputs per minute
— DGHIR | chanchilaru - - [KD] Fabuled
Build order — DGHIR | chanchilaru
First 150 of 185 actions detected
| 0:00 | Queue | Villager (Male) |
| 0:00 | Queue | Villager (Male) |
| 0:01 | Queue | Villager (Male) |
| 0:01 | Queue | Villager (Male) |
| 0:02 | Build | House |
| 0:03 | Build | House |
| 1:24 | Queue | Villager (Male) |
| 1:24 | Queue | Villager (Male) |
| 1:49 | Build | Lumber Camp |
| 1:57 | Queue | Villager (Male) |
| 2:15 | Queue | Villager (Male) |
| 2:15 | Queue | Villager (Male) |
| 2:35 | Queue | Villager (Male) |
| 2:35 | Queue | Villager (Male) |
| 3:03 | Queue | Villager (Male) |
| 3:03 | Queue | Villager (Male) |
| 3:19 | Queue | Villager (Male) |
| 3:19 | Queue | Villager (Male) |
| 3:49 | Queue | Villager (Male) |
| 3:49 | Queue | Villager (Male) |
| 3:53 | Build | House |
| 4:26 | Research | Loom |
| 4:30 | Build | Barracks |
| 4:34 | Queue | Villager (Male) |
| 4:35 | Queue | Villager (Male) |
| 4:35 | Queue | Villager (Male) |
| 4:57 | Queue | Villager (Male) |
| 4:57 | Queue | Villager (Male) |
| 5:03 | Build | House |
| 5:07 | Queue | Villager (Male) |
| 5:08 | Queue | Villager (Male) |
| 5:19 | Build | Palisade Wall |
| 5:26 | Queue | Militia |
| 5:26 | Queue | Militia |
| 5:47 | Queue | Villager (Male) |
| 5:47 | Queue | Villager (Male) |
| 6:00 | Queue | Militia |
| 6:00 | Queue | Militia |
| 6:17 | Build | Mill |
| 6:19 | Queue | Militia |
| 6:30 | Build | Palisade Wall |
| 6:32 | Build | Palisade Wall |
| 6:38 | Queue | Villager (Male) |
| 6:38 | Queue | Villager (Male) |
| 6:53 | Build | House |
| 7:02 | Queue | Villager (Male) |
| 7:02 | Queue | Villager (Male) |
| 7:02 | Queue | Villager (Male) |
| 7:05 | Build | Palisade Wall |
| 7:11 | Build | Farm |
| 7:34 | Build | Farm |
| 7:42 | Build | Palisade Wall |
| 7:42 | Build | Palisade Wall |
| 7:47 | Queue | Villager (Male) |
| 7:48 | Queue | Villager (Male) |
| 7:48 | Queue | Villager (Male) |
| 7:50 | Build | Palisade Wall |
| 8:37 | Build | Palisade Wall |
| 8:40 | Queue | Villager (Male) |
| 8:48 | Queue | Villager (Male) |
| 8:48 | Queue | Villager (Male) |
| 8:57 | Queue | Villager (Male) |
| 9:01 | Build | Farm |
| 9:10 | Build | Palisade Wall |
| 9:44 | Build | Palisade Wall |
| 9:46 | Build | Lumber Camp |
| 10:02 | Research | Feudal Age |
| 10:02 | Research | Feudal Age |
| 10:04 | Queue | Villager (Male) |
| 10:26 | Build | Mining Camp |
| 10:50 | Queue | Villager (Male) |
| 11:05 | Build | House |
| 11:08 | Build | House |
| 11:58 | Queue | Villager (Male) |
| 12:12 | Age | Feudal Age |
| 12:13 | Queue | Villager (Male) |
| 12:14 | Build | Archery Range |
| 12:15 | Queue | Villager (Male) |
| 12:15 | Queue | Villager (Male) |
| 12:33 | Build | House |
| 12:37 | Research | Double-Bit Axe |
| 12:38 | Research | Double-Bit Axe |
| 12:38 | Queue | Villager (Male) |
| 13:04 | Build | House |
| 13:09 | Build | House |
| 13:25 | Queue | Villager (Male) |
| 13:26 | Build | Archery Range |
| 13:28 | Queue | Villager (Male) |
| 13:30 | Queue | Archer |
| 13:30 | Queue | Archer |
| 13:58 | Build | Watch Tower |
| 14:10 | Queue | Archer |
| 14:14 | Build | House |
| 14:18 | Build | House |
| 14:30 | Queue | Archer |
| 14:31 | Queue | Archer |
| 14:32 | Queue | Villager (Male) |
| 14:33 | Queue | Villager (Male) |
| 15:08 | Queue | Villager (Male) |
| 15:08 | Queue | Villager (Male) |
| 15:08 | Queue | Villager (Male) |
| 15:11 | Queue | Archer |
| 15:11 | Queue | Archer |
| 15:18 | Queue | Villager (Male) |
| 15:20 | Queue | Archer |
| 15:21 | Queue | Villager (Male) |
| 15:21 | Queue | Villager (Male) |
| 15:32 | Build | House |
| 15:35 | Queue | Archer |
| 15:35 | Queue | Archer |
| 15:40 | Build | Blacksmith |
| 15:43 | Queue | Villager (Male) |
| 15:46 | Build | Farm |
| 15:53 | Build | Farm |
| 16:03 | Queue | Archer |
| 16:03 | Queue | Archer |
| 16:04 | Queue | Villager (Male) |
| 16:15 | Queue | Archer |
| 16:22 | Build | Farm |
| 16:23 | Build | Farm |
| 16:29 | Build | Farm |
| 16:38 | Build | Palisade Gate |
| 16:41 | Queue | Villager (Male) |
| 16:45 | Build | Farm |
| 16:54 | Build | Farm |
| 17:06 | Research | Fletching |
| 17:22 | Queue | Archer |
| 17:22 | Queue | Archer |
| 17:22 | Queue | Archer |
| 17:27 | Queue | Villager (Male) |
| 17:28 | Queue | Villager (Male) |
| 17:30 | Build | Farm |
| 17:39 | Queue | Archer |
| 17:40 | Queue | Archer |
| 17:42 | Queue | Villager (Male) |
| 17:42 | Queue | Villager (Male) |
| 17:49 | Build | Farm |
| 18:08 | Queue | Villager (Male) |
| 18:08 | Queue | Villager (Male) |
| 18:11 | Build | Farm |
| 18:13 | Build | Farm |
| 18:28 | Build | Farm |
| 18:32 | Build | Farm |
| 18:37 | Build | Farm |
| 18:51 | Queue | Villager (Male) |
| 19:28 | Research | Castle Age |
| 19:28 | Research | Castle Age |
| 19:29 | Queue | Archer |
| 19:30 | Queue | Archer |
| 19:30 | Queue | Archer |
Build order — [KD] Fabuled
135 actions detected in the replay
| 0:00 | Queue | Villager (Male) |
| 0:00 | Queue | Villager (Male) |
| 0:00 | Queue | Villager (Male) |
| 0:01 | Queue | Villager (Male) |
| 0:01 | Queue | Villager (Male) |
| 0:02 | Build | House |
| 0:03 | Build | House |
| 1:26 | Queue | Villager (Male) |
| 1:27 | Queue | Villager (Male) |
| 1:46 | Queue | Villager (Male) |
| 1:47 | Queue | Villager (Male) |
| 1:53 | Build | Lumber Camp |
| 2:15 | Queue | Villager (Male) |
| 2:16 | Queue | Villager (Male) |
| 2:45 | Queue | Villager (Male) |
| 2:46 | Queue | Villager (Male) |
| 3:03 | Queue | Villager (Male) |
| 3:03 | Queue | Villager (Male) |
| 3:36 | Queue | Villager (Male) |
| 3:48 | Build | House |
| 3:49 | Build | House |
| 4:06 | Queue | Villager (Male) |
| 4:21 | Queue | Villager (Male) |
| 4:52 | Queue | Villager (Male) |
| 4:52 | Queue | Villager (Male) |
| 4:58 | Build | Mill |
| 5:27 | Queue | Villager (Male) |
| 5:43 | Queue | Villager (Male) |
| 6:02 | Build | Barracks |
| 6:05 | Queue | Villager (Male) |
| 6:38 | Queue | Villager (Male) |
| 7:06 | Research | Loom |
| 7:17 | Build | Mining Camp |
| 7:22 | Research | Feudal Age |
| 7:39 | Queue | Militia |
| 7:39 | Queue | Militia |
| 7:57 | Queue | Militia |
| 8:19 | Build | Farm |
| 8:36 | Queue | Villager (Male) |
| 8:37 | Queue | Villager (Male) |
| 8:46 | Queue | Militia |
| 9:03 | Build | House |
| 9:08 | Build | Farm |
| 9:29 | Queue | Militia |
| 9:40 | Build | Farm |
| 9:41 | Age | Feudal Age |
| 9:56 | Research | Man-at-Arms (upgrade) |
| 10:08 | Queue | Villager (Male) |
| 10:11 | Queue | Villager (Male) |
| 10:22 | Build | Archery Range |
| 10:41 | Queue | Villager (Male) |
| 10:59 | Research | Double-Bit Axe |
| 11:17 | Queue | Archer |
| 11:17 | Queue | Archer |
| 11:20 | Build | House |
| 11:25 | Queue | Villager (Male) |
| 11:27 | Build | Farm |
| 11:28 | Queue | Villager (Male) |
| 11:40 | Build | House |
| 11:44 | Queue | Archer |
| 11:52 | Build | Farm |
| 12:08 | Research | Arson |
| 12:10 | Build | Farm |
| 12:15 | Queue | Villager (Male) |
| 12:26 | Build | Farm |
| 12:36 | Queue | Villager (Male) |
| 12:36 | Queue | Villager (Male) |
| 12:44 | Queue | Archer |
| 12:53 | Queue | Villager (Male) |
| 13:26 | Queue | Villager (Male) |
| 13:28 | Build | Blacksmith |
| 13:34 | Queue | Archer |
| 13:47 | Queue | Archer |
| 13:48 | Queue | Villager (Male) |
| 13:50 | Build | House |
| 13:54 | Build | Farm |
| 14:06 | Queue | Villager (Male) |
| 14:17 | Build | Farm |
| 14:19 | Research | Fletching |
| 15:05 | Queue | Archer |
| 15:07 | Queue | Villager (Male) |
| 15:08 | Build | Farm |
| 15:20 | Queue | Archer |
| 15:20 | Queue | Villager (Male) |
| 15:23 | Build | Farm |
| 15:43 | Build | Palisade Wall |
| 15:45 | Build | Palisade Wall |
| 15:48 | Build | House |
| 15:50 | Build | Palisade Wall |
| 15:52 | Research | Wheelbarrow |
| 16:05 | Build | Farm |
| 16:43 | Build | Archery Range |
| 17:18 | Build | Lumber Camp |
| 17:19 | Research | Castle Age |
| 17:20 | Research | Castle Age |
| 17:27 | Build | House |
| 17:56 | Research | Gold Mining |
| 18:13 | Build | Archery Range |
| 18:28 | Research | Padded Archer Armor |
| 18:45 | Build | Farm |
| 19:16 | Build | Farm |
| 19:23 | Build | House |
| 19:25 | Build | House |
| 19:29 | Build | Palisade Wall |
| 19:39 | Build | House |
| 19:44 | Queue | Villager (Male) |
| 19:48 | Build | Lumber Camp |
| 19:59 | Age | Castle Age |
| 20:02 | Queue | Cavalry Archer |
| 20:02 | Queue | Cavalry Archer |
| 20:02 | Queue | Cavalry Archer |
| 20:03 | Queue | Cavalry Archer |
| 20:07 | Queue | Villager (Male) |
| 20:20 | Queue | Cavalry Archer |
| 20:28 | Research | Bow Saw |
| 20:30 | Queue | Cavalry Archer |
| 20:57 | Queue | Cavalry Archer |
| 21:02 | Queue | Villager (Male) |
| 21:03 | Queue | Villager (Male) |
| 21:10 | Build | Stable |
| 21:15 | Build | Farm |
| 21:36 | Build | Market |
| 21:48 | Build | House |
| 21:54 | Queue | Villager (Male) |
| 21:54 | Queue | Villager (Male) |
| 22:13 | Build | House |
| 22:14 | Build | House |
| 22:19 | Research | Husbandry |
| 22:26 | Queue | Villager (Male) |
| 22:38 | Build | Farm |
| 22:46 | Build | Farm |
| 23:01 | Research | Bodkin Arrow |
| 23:01 | Research | Bodkin Arrow |
| 23:05 | Queue | Cavalry Archer |
| 23:06 | Queue | Cavalry Archer |
Match timeline
| 4:30 | DGHIR | chanchilaru · first_building Barracks |
| 5:19 | DGHIR | chanchilaru · wall_segment Palisade Wall x5 |
| 6:02 | [KD] Fabuled · first_building Barracks |
| 6:30 | DGHIR | chanchilaru · wall_segment Palisade Wall x6 |
| 6:32 | DGHIR | chanchilaru · wall_segment Palisade Wall x3 |
| 7:05 | DGHIR | chanchilaru · wall_segment Palisade Wall x4 |
| 7:42 | DGHIR | chanchilaru · wall_segment Palisade Wall x3 |
| 7:42 | DGHIR | chanchilaru · wall_segment Palisade Wall x7 |
| 7:50 | DGHIR | chanchilaru · wall_segment Palisade Wall x9 |
| 8:37 | DGHIR | chanchilaru · wall_segment Palisade Wall x6 |
| 9:10 | DGHIR | chanchilaru · wall_segment Palisade Wall x9 |
| 9:41 | [KD] Fabuled · age_up feudal |
| 9:44 | DGHIR | chanchilaru · wall_segment Palisade Wall x5 |
| 10:22 | [KD] Fabuled · first_building Archery Range |
| 12:12 | DGHIR | chanchilaru · age_up feudal |
| 12:14 | DGHIR | chanchilaru · first_building Archery Range |
| 15:43 | [KD] Fabuled · wall_segment Palisade Wall x1 |
| 15:45 | [KD] Fabuled · wall_segment Palisade Wall x1 |
| 15:50 | [KD] Fabuled · wall_segment Palisade Wall x10 |
| 19:29 | [KD] Fabuled · wall_segment Palisade Wall x1 |
| 19:59 | [KD] Fabuled · age_up castle |
| 21:10 | [KD] Fabuled · first_building Stable |
| 22:08 | DGHIR | chanchilaru · age_up castle |
| 22:43 | [KD] Fabuled · first_market_sell 100 wood |
| 23:15 | [KD] Fabuled · resign |
[ AI ANALYSIS · 1 CREDIT ]
What really happened in this match?
Wolo.gg analyzes every decision: build order, eco, micro, common mistakes by bracket. Personalized analysis on WhatsApp or Discord in 30 seconds.
Civ guide
Franks
Perfil
Jugador #557273